 Dungeon Crawl Stone Soup version 0.27-a0-1256-gced786f65e (webtiles) character file.

Game seed: 4680758449839279907

107 porpoise the Conjurer (level 4, -4/24 HPs)
             Began as a Deep Elf Conjurer on June 11, 2021.
             Slain by a phantom (8 damage)
             ... on level 4 of the Dungeon.
             The game lasted 00:06:28 (3067 turns).

porpoise the Conjurer (Deep Elf Conjurer)           Turns: 3067, Time: 00:06:29

Health: -4/24      AC:  2    Str:  4    XL:     4   Next: 57%
Magic:  13/13      EV: 12    Int: 24    God:
Gold:   97         SH:  5    Dex: 13    Spells: 2/13 levels left

rFire    + . .     SeeInvis .   b - +0 hunting sling
rCold    . . .     Faith    .   (no shield)
rNeg     . . .     Spirit   .   e - +0 robe
rPois    .         Reflect  +   (no helmet)
rElec    .         Harm     .   (no cloak)
rCorr    .         Rampage  .   (no gloves)
Will     .....                  (no boots)
Stlth    ++........             i - amulet of reflection
HPRegen  0.08/turn              l - ring of protection from fire
MPRegen  0.13/turn              (no ring)

@: no status effects
A: no striking features
a: no special abilities


You were on level 4 of the Dungeon.
You visited 1 branch of the dungeon, and saw 4 of its levels.

You collected 97 gold pieces.

Inventory:

Hand Weapons
 a - a +3 dagger of venom
 b - a +0 hunting sling (weapon)
Missiles
 d - 95 stones (quivered ammo)
 h - 37 bolts
 s - 16 sling bullets
Armour
 e - a +0 robe (worn)
Jewellery
 i - an amulet of reflection (around neck)
 l - a ring of protection from fire (left hand)
 n - a ring of wizardry
Wands
 o - a wand of acid (8)
 t - a wand of iceblast (9)
Scrolls
 g - a scroll of enchant armour {unknown}
 j - a scroll of fear {unknown}
 m - 4 scrolls of identify {unknown}
 r - a scroll of fog {unknown}
Potions
 c - a potion of brilliance {unknown}
 f - a potion of lignification {unknown}
 k - a potion of haste {unknown}
 p - a potion of mutation {unknown}
 q - a potion of degeneration {unknown}
 u - a potion of cancellation {unknown}


   Skills:
 + Level 0.0 Fighting
 - Level 2.4 Dodging
 - Level 2.4 Stealth
 - Level 5.0 Spellcasting
 + Level 5.7 Conjurations


You had 2 spell levels left.
You knew the following spells:

 Your Spells              Type           Power      Damage    Failure   Level
a - Magic Dart            Conj           100%       1d8       1%          1
b - Searing Ray           Conj           66%        3d5       1%          2
c - Iskenderun's Mystic   Conj/Tloc      19%        2d6       26%         4
d - Fulminant Prism       Conj/Hex       9%         3d7       26%         4

Your spell library contained the following spells:

 Spells                   Type           Power      Damage    Failure   Level
 Animate Skeleton         Necr           12%        N/A       9%          1
 Apportation              Tloc           12%        N/A       9%          1
 Beastly Appendage        Tmut           12%        N/A       9%          1
 Corona                   Hex            6%         N/A       9%          1
 Summon Small Mammal      Summ           24%        N/A       9%          1
 Wereblood                Tmut           6%         N/A       13%         2
 Dazzling Flash           Conj/Hex       38%        N/A       9%          3
 Spider Form              Tmut/Pois      3%         N/A       26%         3
 Ice Form                 Ice/Tmut       6%         N/A       65%         4


Dungeon Overview and Level Annotations

Branches:
Dungeon (4/15)
 Temple: D:4-7

Altars:

Annotations:
D:4 Dowan, Duvessa, Menkaure, Robin


Message History

The hobgoblin hits you.
Casting: Searing Ray (safe; 1% risk of failure)
Confirm with . or Enter, or press ? or * to list all spells.
Aiming: Searing Ray (safe; 1% risk of failure)
Press: ? - help, Shift-Dir - straight line, f - hobgoblin
Aim: a hobgoblin (81% to hit)
The searing ray hits the hobgoblin!
You kill the hobgoblin!
The searing ray hits the hobgoblin!
You kill the hobgoblin! (Press . to maintain the ray.)
The searing ray hits the goblin!
You kill the goblin!
You start resting.
Magic restored.
You start resting.
HP restored.
u - an inky potion You see here a +0 dagger.
There is a stone staircase leading down here.
There is a stone staircase leading up here.
There is a stone staircase leading down here.
You climb downwards.
Level annotation: Dowan, Menkaure, Robin Duvessa, Sister of Dowan comes into view.
She is wielding a +0 short sword and wearing a +2 ring mail of positive energy.
Duvessa shouts!
Dowan hits you with a +0 dagger! The phantom closely misses you.
The goblin closely misses you. Dowan hits you with a +0 dagger.
The phantom hits you!
* * * LOW HITPOINT WARNING * * *
The goblin barely misses you. You block Menkaure's attack.
Found 2 large rocks.
There is a stone staircase leading up, spattered with blood here.
The goblin hits you with a +0 dagger.
* * * LOW HITPOINT WARNING * * *
Duvessa misses you. The goblin closely misses you.
Dowan hits you with a +0 dagger.
* * * LOW HITPOINT WARNING * * *
The phantom hits you!
You die...

....# ....#
>$.# .>.##
#####+##....#
#..).[+<....#
#.$.gg##Z..##
#..ggg#######
#.gge@M.....#
#.$/Wge?....#
#<.gg?##....#
####### (..#
#.# #


You could see Duvessa, a phantom, Menkaure, Dowan, Robin, 2 hobgoblins and 7
goblins.

Vanquished Creatures
  A bullfrog zombie (D:3)
  Natasha (D:3)
  A worm (D:3)
  A dart slug (D:3)
  4 ball pythons
  A bat (D:1)
  3 endoplasms
  5 giant cockroaches
  5 goblins
  3 hobgoblins (D:3)
  A quokka (D:1)
  5 frilled lizards
  9 kobolds
  4 rats
44 creatures vanquished.

Notes
Turn   | Place    | Note
-------+----------+-------------------------------------------
     0 | D:1      | porpoise the Deep Elf Conjurer began the quest for the Orb.
     0 | D:1      | Reached XP level 1. HP: 10/10 MP: 6/6
   266 | D:1      | Found a faded altar of an unknown god.
   392 | D:1      | Reached XP level 2. HP: 15/15 MP: 5/8
   626 | D:1      | Learned a level 2 spell: Searing Ray
  1751 | D:2      | Reached skill level 5 in Conjurations
  1751 | D:2      | Reached XP level 3. HP: 14/19 MP: 4/10
  2284 | D:3      | Reached XP level 4. HP: 24/24 MP: 6/12
  2737 | D:4      | Noticed Natasha
  2737 | D:4      | Noticed a phantom
  2744 | D:3      | Killed Natasha
  2745 | D:3      | Reached skill level 5 in Spellcasting
  2751 | D:3      | Learned a level 4 spell: Iskenderun's Mystic Blast
  2756 | D:3      | Learned a level 4 spell: Fulminant Prism
  2943 | D:4      | Noticed Dowan
  2943 | D:4      | Noticed Robin
  2943 | D:4      | Noticed Menkaure
  3066 | D:4      | Noticed Duvessa
  3067 | D:4      | Slain by a phantom

Illustrated notes

Levels and vault maps discovered:
D:1:      dpeg_arrival_prison, layout_basic,
          shapermc_ecumenical_altar_mp_ritualfount, minmay_statues_item,
          hangedman_decor_peaks_small
D:2:      minmay_wonky_spiral, layout_basic
D:3:      layout_rooms, dk_noncrumbling_4
D:4:      layout_gridville, uniq_duvessa, uniq_menkaure, uniq_purgy,
          uniq_natasha, uniq_robin

Skill      XL: |  1  2  3  4 |
---------------+-------------+-----
Spellcasting   | 4 5 |  5.0
Conjurations   | 5 |  5.7
Dodging        | |  2.4
Stealth        | |  2.4

Action                   |  1- 3 |  4- 6 || total
-------------------------+-------+-------++-------
 Fire: Hunting sling     |    10 |     1 ||    11
 Cast: Magic Dart        |    33 |     5 ||    38
       Searing Ray       |     9 |     7 ||    16
Armor: Robe              |     3 |     5 ||     8
Dodge: Dodged            |     2 |    13 ||    15
Block: Other             |     2 |     2 ||     4

Table legend: (Time is in decaauts)
 A = Elapsed time spent in this place.
 B = Non-inter-level travel time spent in this place.
 C = Inter-level travel time spent in this place.
 D = Time resting spent in this place.
 E = Time spent auto-exploring this place.
 F = Levels seen in this place.
 G = Mean time per level.
                   A        B        C        D        E       F      G
               +--------+--------+--------+--------+--------+-----+--------+
         Total |   3070 |   2946 |    124 |    819 |   1891 |   4 |  767.5 |
       Dungeon |   3070 |   2946 |    124 |    819 |   1891 |   4 |  767.5 |
               +--------+--------+--------+--------+--------+-----+--------+

Top non-repeatable levels by time:
     D:2: 1128 daAuts
     D:3: 1009 daAuts
     D:1: 919 daAuts
     D:4: 12 daAuts
